TOP OF THE 1ST |
La Crosse Loggers batting - Pitching for Riverside Red Bulls : RHP Nariaki Tanaka
|
Pitching: RHP Nariaki Tanaka
|
|
Batting: LHB Ricardo Ruíz
|
0-0: Ball 1-0: Ball 2-0: Swinging Strike 2-1: Ball 3-1: Bunt for hit - play at first, batter OUT! 1-3
|
Batting: LHB Oliver Beltrán
|
0-0: Swinging Strike 0-1: DOUBLE (Flyball, 8LM)
|
Batting: RHB Paul Bailey
|
0-0: Ground out 6-3 (Groundball, 6)
|
Batting: RHB Sergio Sánchez
|
0-0: Ball 1-0: Called Strike 1-1: Ball 2-1: Ground out 6-3 (Groundball, 6S)
|
Top of the 1st over - 0 run(s), 1 hit(s), 0 error(s), 1 left on base; La Crosse 0 - Riverside 0 |
BOTTOM OF THE 1ST |
Riverside Red Bulls batting - Pitching for La Crosse Loggers : RHP Tony López
|
Pitching: RHP Tony López
|
|
Batting: RHB Andy Aiton
|
0-0: Called Strike 0-1: Bunted foul 0-2: Strikes out swinging
|
Batting: SHB Lee Townsend
|
0-0: Called Strike 0-1: Foul Ball, location: 2F 0-2: Foul Ball, location: 2F 0-2: Ball 1-2: TRIPLE (Line Drive, 3D)
|
Batting: RHB Soshu Nakamura
|
0-0: Foul Ball, location: 2F 0-1: Ball 1-1: Swinging Strike 1-2: Foul Ball, location: 2F 1-2: Strikes out swinging
|
Batting: RHB José Zúńiga
|
0-0: Called Strike 0-1: Ball 1-1: Ball 2-1: Foul Ball, location: 2F 2-2: Foul Ball, location: 2F 2-2: Ball 3-2: Foul Ball, location: 2F 3-2: Fly out, F8 (Flyball, 89M)
|
Bottom of the 1st over - 0 run(s), 1 hit(s), 0 error(s), 1 left on base; La Crosse 0 - Riverside 0 |
TOP OF THE 2ND |
La Crosse Loggers batting - Pitching for Riverside Red Bulls : RHP Nariaki Tanaka
|
Batting: RHB Jon Kenney
|
0-0: Called Strike 0-1: Ground out 6-3 (Groundball, 56)
|
Batting: LHB Enrique Tirado
|
0-0: Called Strike 0-1: Called Strike 0-2: Ball 1-2: Ball 2-2: Strikes out swinging
|
Batting: RHB Fraser Stanton
|
0-0: Called Strike 0-1: Called Strike 0-2: Ball 1-2: Fly out, F8 (Flyball, 8LD)
|
Top of the 2nd over - 0 run(s), 0 hit(s), 0 error(s), 0 left on base; La Crosse 0 - Riverside 0 |
BOTTOM OF THE 2ND |
Riverside Red Bulls batting - Pitching for La Crosse Loggers : RHP Tony López
|
Batting: RHB Júlio García
|
0-0: Ball 1-0: Ground out 4-3 (Groundball, 4)
|
Batting: RHB Kyle Bacon
|
0-0: Called Strike 0-1: Swinging Strike 0-2: Foul Ball, location: 2F 0-2: Ball 1-2: Ball 2-2: Foul Ball, location: 2F 2-2: Fly out, F5 (Popup, 5F)
|
Batting: RHB Jesús Naút
|
0-0: Called Strike 0-1: Ground out 4-3 (Groundball, 4M)
|
Bottom of the 2nd over - 0 run(s), 0 hit(s), 0 error(s), 0 left on base; La Crosse 0 - Riverside 0 |
TOP OF THE 3RD |
La Crosse Loggers batting - Pitching for Riverside Red Bulls : RHP Nariaki Tanaka
|
Batting: RHB Vicente Vélez
|
0-0: Foul Ball, location: 2F 0-1: Called Strike 0-2: Ground out 4-3 (Groundball, 13)
|
Batting: RHB Jimmy Smith
|
0-0: Ball 1-0: Ground out 4-3 (Groundball, 34)
|
Batting: LHB Ricardo Ruíz
|
0-0: Reached on error, E6 (Groundball, 6M)
|
Batting: LHB Oliver Beltrán
|
0-0: DOUBLE (Line Drive, 9LD) Ricardo Ruíz to third Runner from 3rd tries for Home, SAFE, no throw or cutoff
|
Batting: RHB Paul Bailey
|
0-0: Ball 1-0: Called Strike 1-1: Foul Ball, location: 2F 1-2: Ball 2-2: SINGLE (Flyball, 8RS) Oliver Beltrán to third Runner from 3rd tries for Home, SAFE, no throw or cutoff
|
Batting: RHB Sergio Sánchez
|
0-0: Called Strike 0-1: Ground out 6-3 (Groundball, 56)
|
Top of the 3rd over - 2 run(s), 2 hit(s), 1 error(s), 1 left on base; La Crosse 2 - Riverside 0 |
BOTTOM OF THE 3RD |
Riverside Red Bulls batting - Pitching for La Crosse Loggers : RHP Tony López
|
Batting: RHB Earnest Finnegan
|
0-0: Called Strike 0-1: Ball 1-1: Ball 2-1: Foul Ball, location: 2F 2-2: Foul Ball, location: 2F 2-2: Ball 3-2: Base on Balls
|
Batting: SHB Chun-yeong Kim
|
0-0: Ball 1-0: Called Strike 1-1: Ball 2-1: Foul Ball, location: 2F 2-2: Ball 3-2: Base on Balls Earnest Finnegan to second
|
Batting: RHB Andy Aiton
|
0-0: Ball 1-0: Foul Ball, location: 2F 1-1: Swinging Strike 1-2: Ball 2-2: Ball 3-2: Fly out, F5 (Popup, 5SF)
|
Batting: SHB Lee Townsend
|
0-0: Called Strike 0-1: Ball 1-1: Foul Ball, location: 2F 1-2: Ball 2-2: Ball 3-2: Base on Balls Earnest Finnegan to third Chun-yeong Kim to second
|
Batting: RHB Soshu Nakamura
|
0-0: Called Strike 0-1: Ball 1-1: Foul Ball, location: 2F 1-2: Foul Ball, location: 2F 1-2: Strikes out swinging
|
Batting: RHB José Zúńiga
|
0-0: Foul Ball, location: 2F 0-1: Swinging Strike 0-2: Ball 1-2: Ball 2-2: Foul Ball, location: 2F 2-2: Foul Ball, location: 2F 2-2: Foul Ball, location: 2F 2-2: Ball 3-2: SINGLE (Line Drive, 4D) Earnest Finnegan scores Chun-yeong Kim to third Lee Townsend to second Chun-yeong Kim scores Lee Townsend to third
|
Batting: RHB Júlio García
|
0-0: Ball 1-0: Called Strike 1-1: DOUBLE (Groundball, 3L) Lee Townsend scores José Zúńiga to third Runner from 3rd tries for Home, SAFE, no throw or cutoff
|
Batting: RHB Kyle Bacon
|
0-0: Ball 1-0: Called Strike 1-1: Called Strike 1-2: Strikes out looking
|
Bottom of the 3rd over - 4 run(s), 2 hit(s), 0 error(s), 1 left on base; La Crosse 2 - Riverside 4 |
TOP OF THE 4TH |
La Crosse Loggers batting - Pitching for Riverside Red Bulls : RHP Nariaki Tanaka
|
Batting: RHB Jon Kenney
|
0-0: Ball 1-0: Called Strike 1-1: Foul Ball, location: 2F 1-2: Strikes out swinging
|
Batting: LHB Enrique Tirado
|
0-0: Ball 1-0: Ground out 6-3 (Groundball, 6)
|
Batting: RHB Fraser Stanton
|
0-0: Called Strike 0-1: Ball 1-1: Foul Ball, location: 2F 1-2: Foul Ball, location: 2F 1-2: Ball 2-2: Strikes out swinging
|
Top of the 4th over - 0 run(s), 0 hit(s), 0 error(s), 0 left on base; La Crosse 2 - Riverside 4 |
BOTTOM OF THE 4TH |
Riverside Red Bulls batting - Pitching for La Crosse Loggers : RHP Tony López
|
Batting: RHB Jesús Naút
|
0-0: Ball 1-0: Ball 2-0: Fly out, F4 (Popup, 34D)
|
Batting: RHB Earnest Finnegan
|
0-0: Called Strike 0-1: Ball 1-1: Ball 2-1: Foul Ball, location: 2F 2-2: Foul Ball, location: 2F 2-2: Ground out 5-3 (Groundball, 5)
|
Batting: SHB Chun-yeong Kim
|
0-0: Swinging Strike 0-1: SINGLE (Line Drive, 6MD)
|
Pitching: RHP Jaime Martínez
|
|
Batting: RHB Andy Aiton
|
Pickoff Throw to First - Out!
|
Bottom of the 4th over - 0 run(s), 1 hit(s), 0 error(s), 0 left on base; La Crosse 2 - Riverside 4 |
TOP OF THE 5TH |
La Crosse Loggers batting - Pitching for Riverside Red Bulls : RHP Nariaki Tanaka
|
Batting: RHB Vicente Vélez
|
0-0: Ball 1-0: Swinging Strike 1-1: Fly out, F8 (Flyball, 8RM)
|
Batting: RHB Jimmy Smith
|
0-0: Ball 1-0: Ball 2-0: Foul Ball, location: 2F 2-1: Foul Ball, location: 2F 2-2: Strikes out swinging
|
Batting: LHB Ricardo Ruíz
|
0-0: Ball 1-0: Ball 2-0: Foul Ball, location: 2F 2-1: Ball 3-1: Foul Ball, location: 2F 3-2: SINGLE (Line Drive, 4MD)
|
Batting: LHB Oliver Beltrán
|
0-0: Ball 1-0: Ball 2-0: SINGLE (Groundball, 34) Ricardo Ruíz to second Runner from 2nd tries for 3rd, OUT!
|
Top of the 5th over - 0 run(s), 2 hit(s), 0 error(s), 1 left on base; La Crosse 2 - Riverside 4 |
BOTTOM OF THE 5TH |
Riverside Red Bulls batting - Pitching for La Crosse Loggers : RHP Jaime Martínez
|
Batting: RHB Andy Aiton
|
0-0: Ground out 3-1 (Groundball, 34S)
|
Batting: SHB Lee Townsend
|
0-0: Ball 1-0: Swinging Strike 1-1: Foul Ball, location: 2F 1-2: Foul Ball, location: 2F 1-2: SINGLE (Groundball, 34)
|
Batting: RHB Soshu Nakamura
|
0-0: 2-RUN HOME RUN (Flyball, 78XD), Distance : 419 ft
|
Batting: RHB José Zúńiga
|
0-0: Called Strike 0-1: Foul Ball, location: 2F 0-2: Ball 1-2: Ball 2-2: Ground out U3 (Groundball, 3)
|
Batting: RHB Júlio García
|
0-0: Swinging Strike 0-1: Ground out 5-3 (Groundball, 5L)
|
Bottom of the 5th over - 2 run(s), 2 hit(s), 0 error(s), 0 left on base; La Crosse 2 - Riverside 6 |
TOP OF THE 6TH |
La Crosse Loggers batting - Pitching for Riverside Red Bulls : RHP Nariaki Tanaka
|
Batting: RHB Paul Bailey
|
0-0: Called Strike 0-1: Ground out 4-3 (Groundball, 34)
|
Batting: RHB Sergio Sánchez
|
0-0: Ball 1-0: Ball 2-0: Ball 3-0: Called Strike 3-1: Swinging Strike 3-2: Strikes out swinging
|
Batting: RHB Jon Kenney
|
0-0: Ball 1-0: Foul Ball, location: 2F 1-1: Swinging Strike 1-2: Ground out 6-3 (Groundball, 56)
|
Top of the 6th over - 0 run(s), 0 hit(s), 0 error(s), 0 left on base; La Crosse 2 - Riverside 6 |
BOTTOM OF THE 6TH |
Riverside Red Bulls batting - Pitching for La Crosse Loggers : RHP Jaime Martínez
|
Batting: RHB Kyle Bacon
|
0-0: Ball 1-0: Ball 2-0: Ball 3-0: Base on Balls
|
Batting: RHB Jesús Naút
|
0-0: Ball 1-0: Ball 2-0: Swinging Strike 2-1: Ball 3-1: Called Strike 3-2: Foul Ball, location: 2F 3-2: Base on Balls Kyle Bacon to second
|
Batting: RHB Earnest Finnegan
|
0-0: Called Strike 0-1: Grounds into double play, 6-4-3 (Groundball, 6) Kyle Bacon to third
|
Batting: SHB Chun-yeong Kim
|
0-0: Ball 1-0: Ball 2-0: Foul Ball, location: 2F 2-1: Foul Ball, location: 2F 2-2: Foul Ball, location: 2F 2-2: Ground out 1-3 (Groundball, 23)
|
Bottom of the 6th over - 0 run(s), 0 hit(s), 0 error(s), 1 left on base; La Crosse 2 - Riverside 6 |
TOP OF THE 7TH |
La Crosse Loggers batting - Pitching for Riverside Red Bulls : RHP Nariaki Tanaka
|
Batting: LHB Enrique Tirado
|
0-0: Foul Ball, location: 2F 0-1: Swinging Strike 0-2: Ball 1-2: Ball 2-2: Ball 3-2: Strikes out swinging
|
Pitching: RHP Alberto Gutiérrez
|
|
Batting: RHB Fraser Stanton
|
0-0: Ball 1-0: Ground out 3-1 (Groundball, 34)
|
Batting: RHB Vicente Vélez
|
0-0: Ground out 4-3 (Groundball, 34)
|
Top of the 7th over - 0 run(s), 0 hit(s), 0 error(s), 0 left on base; La Crosse 2 - Riverside 6 |
BOTTOM OF THE 7TH |
Riverside Red Bulls batting - Pitching for La Crosse Loggers : RHP Jaime Martínez
|
Pitching: RHP Mike Love
|
|
Batting: RHB Andy Aiton
|
0-0: Ground out 6-3 (Groundball, 6M)
|
Batting: SHB Lee Townsend
|
0-0: Ball 1-0: Ball 2-0: Ball 3-0: Called Strike 3-1: Called Strike 3-2: Strikes out swinging
|
Batting: RHB Soshu Nakamura
|
0-0: Called Strike 0-1: Swinging Strike 0-2: Ball 1-2: Ball 2-2: SINGLE (Groundball, 56)
|
Batting: RHB José Zúńiga
|
0-0: Called Strike 0-1: Ball 1-1: Foul Ball, location: 2F 1-2: Foul Ball, location: 2F 1-2: Ground out 2-3 (Groundball, 2R)
|
Bottom of the 7th over - 0 run(s), 1 hit(s), 0 error(s), 1 left on base; La Crosse 2 - Riverside 6 |
TOP OF THE 8TH |
La Crosse Loggers batting - Pitching for Riverside Red Bulls : RHP Alberto Gutiérrez
|
Batting: RHB Jimmy Smith
|
0-0: Ball 1-0: Called Strike 1-1: Foul Ball, location: 2F 1-2: Foul Ball, location: 2F 1-2: Ball 2-2: Foul Ball, location: 2F 2-2: Foul Ball, location: 2F 2-2: Foul Ball, location: 2F 2-2: Strikes out swinging
|
Batting: LHB Ricardo Ruíz
|
0-0: Ball 1-0: Ball 2-0: Foul Ball, location: 2F 2-1: Ball 3-1: Base on Balls
|
Batting: LHB Oliver Beltrán
|
0-0: Ball 1-0: Ball 2-0: Called Strike 2-1: Swinging Strike 2-2: Foul Ball, location: 2F 2-2: Strikes out swinging
|
Batting: RHB Paul Bailey
|
0-0: Called Strike 0-1: Ball 1-1: Swinging Strike 1-2: Foul Ball, location: 2F 1-2: Strikes out swinging
|
Top of the 8th over - 0 run(s), 0 hit(s), 0 error(s), 1 left on base; La Crosse 2 - Riverside 6 |
BOTTOM OF THE 8TH |
Riverside Red Bulls batting - Pitching for La Crosse Loggers : RHP Mike Love
|
Batting: RHB Júlio García
|
0-0: Ball 1-0: Ball 2-0: Called Strike 2-1: Ball 3-1: Base on Balls
|
Batting: RHB Kyle Bacon
|
0-0: Ball 1-0: Ball 2-0: Called Strike 2-1: Ball 3-1: Base on Balls Júlio García to second
|
Batting: RHB Jesús Naút
|
0-0: Ball 1-0: Swinging Strike 1-1: Swinging Strike 1-2: Fly out, F8 (Flyball, 8LM)
|
Batting: RHB Earnest Finnegan
|
0-0: Called Strike 0-1: Ball 1-1: Called Strike 1-2: Ball 2-2: Strikes out swinging
|
Batting: SHB Chun-yeong Kim
|
0-0: DOUBLE (Line Drive, 9LM) Júlio García scores Kyle Bacon to third
|
Batting: RHB Andy Aiton
|
0-0: Ball 1-0: Ball 2-0: Ball 3-0: Called Strike 3-1: Called Strike 3-2: Foul Ball, location: 2F 3-2: Strikes out swinging
|
Bottom of the 8th over - 1 run(s), 1 hit(s), 0 error(s), 2 left on base; La Crosse 2 - Riverside 7 |
TOP OF THE 9TH |
La Crosse Loggers batting - Pitching for Riverside Red Bulls : RHP Alberto Gutiérrez
|
Pitching: LHP Raúl Juárez
|
|
Batting: RHB Sergio Sánchez
|
0-0: Swinging Strike 0-1: Foul Ball, location: 2F 0-2: Ball 1-2: Ball 2-2: Strikes out swinging
|
Batting: RHB Jon Kenney
|
0-0: Called Strike 0-1: Called Strike 0-2: Strikes out looking
|
Batting: LHB Enrique Tirado
|
0-0: Ball 1-0: Ball 2-0: Fly out, F4 (Popup, 34)
|
Top of the 9th over - 0 run(s), 0 hit(s), 0 error(s), 0 left on base; La Crosse 2 - Riverside 7 |
|